 Dungeon Crawl Stone Soup version 0.31-a0-408-gb642c7f9a3 (webtiles) character file.

Game seed: 4873110543051016543

815 Ofeo the Sneak (level 8, -7/48 HPs)
             Began as a Kobold Wanderer on July 30, 2023.
             Killed from afar by a white imp (9 damage)
             ... with a puff of frost
             ... on level 5 of the Dungeon.
             The game lasted 00:07:21 (5418 turns).

Ofeo the Sneak (Kobold Wanderer)                    Turns: 5418, Time: 00:07:21

Health: -7/48      AC:  7    Str:  4 (7)  XL:     8   Next: 16%
Magic:  15/15      EV: 12    Int: 18      God:
Gold:   262        SH:  7    Dex: 18 (20) Spells: 16/17 levels left

rFire   . . .        g - +2 dagger (holy)
rCold   . . .        e - +2 buckler
rNeg    . . .        q - +2 leather armour {rPois}
rPois   +            p - +1 hat
rElec   .            (no cloak)
rCorr   +            b - +0 pair of gloves
SInv    .            (no boots)
Will    .....        (no amulet)
Stlth   ++++         n - ring of resist corrosion
HPRegen 0.28/turn    v - +6 ring of intelligence
MPRegen 0.14/turn

%: no passive effects
@: no status effects
A: small, no large weapons, nightstalker 3
a: no special abilities


You were on level 5 of the Dungeon.
You visited 1 branch of the dungeon, and saw 5 of its levels.

You collected 262 gold pieces.

Inventory:

Hand Weapons
 a - a +0 dagger
 g - a +2 dagger of holy wrath (weapon)
 r - a +0 rapier
Armour
 b - a +0 pair of gloves (worn)
 d - a +0 robe
 e - a +2 buckler (worn)
 p - a +1 hat (worn)
 q - a +2 leather armour of poison resistance (worn)
 s - a +1 ring mail of cold resistance
Jewellery
 n - a ring of resist corrosion (left hand)
 v - a +6 ring of intelligence (right hand)
Wands
 m - a wand of flame (22)
 o - a wand of mindburst (9)
Scrolls
 i - 2 scrolls of identify {@r1}
Potions
 f - 3 potions of attraction
 h - 2 potions of heal wounds {@q2}
 j - a potion of lignification
 l - a potion of invisibility


   Skills:
 + Level 4.2 Fighting
 - Level 2.8 Armour
 + Level 1.8 Dodging
 + Level 6.7 Stealth
 + Level 3.5 Shields
 + Level 5.0 Spellcasting


You had 16 spell levels left.
You knew the following spells:

 Your Spells              Type           Power      Damage    Failure   Level
a - Sting                 Tmut/Pois      16%        1d3       38%         1

Your spell library contained the following spells:

 Spells                   Type           Power      Damage    Failure   Level
 Poisonous Vapours        Pois/Air       8%         N/A       54%         2
 Ignite Poison            Fire/Tmut/Pois 4%         N/A       77%         3
 Mephitic Cloud           Conj/Pois/Air  4%         N/A       77%         3
 Vhi's Electric Charge    Tloc/Air       8%         N/A       77%         3
 Arcjolt                  Conj/Air       2%         1d12      100%        5
 Freezing Cloud           Conj/Ice/Air   2%         6-21      100%        5
 Maxwell's Capacitive Co  Air            2%         ∞         100%        8


Dungeon Overview and Level Annotations

Branches:
Dungeon (5/15)
 Temple: D:4-7

Altars:
Gozag
Qazlal
Sif Muna


Innate Abilities, Weirdness & Mutations

You are small and have problems with some larger weapons.
You are completely attuned to the shadows.


Message History

You take 4 damage, and have 27/48 hp.
You bump into the rock wall.
The orc barely misses you.
You bump into the rock wall.
You feel less confused. The orc closely misses you.
You closely miss the orc. The orc hits you but does no damage.
You hit the orc.
The orc is moderately wounded.
The orc barely misses you.
You hit the orc.
You kill the orc!
You feel your intelligence returning.
You barely miss the white imp. The white imp gestures at you.
The puff of frost hits you!
You take 7 damage, and have 21/48 hp.
You hit the white imp but do no damage. The white imp barely misses you.
You hit the white imp but do no damage. You block the white imp's attack.
You hit the white imp but do no damage. The white imp gestures at you.
The puff of frost hits you.
You take 5 damage, and have 17/48 hp.
You hit the white imp but do no damage. The white imp closely misses you.
You hit the white imp but do no damage. The white imp barely misses you.
You hit the white imp but do no damage. The white imp hits you.
The white imp freezes you.
* * * LOW HITPOINT WARNING * * *
You take 6 damage, and have 12/48 hp.
You hit the white imp.
The white imp convulses.
The white imp is lightly wounded.
The white imp gestures at you. The puff of frost misses you.
You hit the white imp.
The white imp convulses.
The white imp is almost dead.
The white imp gestures at you. The puff of frost hits you!
* * * LOW HITPOINT WARNING * * *
The white imp gestures at you. The puff of frost hits you!
You die...

##<### #######
#..... ....<.#
#..... #####.#
###.....
####.####...)...
.......@5$#.....
.###.######.....
#.# ...... ###
######


You could see a white imp.

Vanquished Creatures
  Grinder (D:4)
  Duvessa (D:4)
  A black bear (D:4)
  Dowan (D:4)
  2 hounds (D:4)
  2 orc priests
  A sleepcap (D:4)
  An iguana (D:4)
  An orc wizard (D:4)
  4 gnolls (D:4)
  5 adders
  A worm (D:3)
  3 dart slugs
  13 orcs
  3 endoplasms
  A giant cockroach (D:4)
  3 goblins
  2 hobgoblins
  9 jackals (D:1)
  4 kobolds
  5 quokkas
  10 ball pythons
  7 bats
  3 frilled lizards
  4 rats
88 creatures vanquished.

Vanquished Creatures (others)
  An orc wizard (D:5)
1 creature vanquished.

Grand Total: 89 creatures vanquished

Notes
Turn   | Place    | Note
-------+----------+-------------------------------------------
     0 | D:1      | Ofeo the Kobold Wanderer began the quest for the Orb.
     0 | D:1      | Ofeo set off with the following items: a +0 dagger, a +0
                  | pair of gloves, a scroll of teleportation {@r3}, a +0 robe,
                  | a +2 buckler; and the following spell memorised: Sting; and
                  | the following spells available to memorise: Ignite Poison.
     0 | D:1      | Reached XP level 1. HP: 12/12 MP: 4/4
   210 | D:1      | Reached XP level 2. HP: 16/16 MP: 6/6
   590 | D:1      | Reached XP level 3. HP: 20/20 MP: 7/7
  1181 | D:2      | Reached XP level 4. HP: 25/26 MP: 9/9
  2423 | D:3      | Reached XP level 5. HP: 26/31 MP: 10/10
  2674 | D:3      | Found a shimmering blue altar of Sif Muna.
  3455 | D:4      | Noticed Dowan
  3458 | D:4      | Noticed Duvessa
  3459 | D:4      | Killed Dowan
  3460 | D:4      | Reached skill level 5 in Stealth
  3470 | D:4      | Found a stormy altar of Qazlal.
  3510 | D:4      | Reached XP level 6. HP: 26/36 MP: 12/12
  3790 | D:4      | Noticed Grinder
  3794 | D:4      | Killed Grinder
  3795 | D:4      | Reached XP level 7. HP: 41/41 MP: 13/13
  3799 | D:4      | Reached skill level 6 in Stealth
  3979 | D:4      | Found an opulent altar of Gozag.
  4267 | D:4      | Reached skill level 1 in Dodging
  4546 | D:4      | Reached XP level 8. HP: 27/48 MP: 15/15
  5037 | D:4      | Killed Duvessa
  5038 | D:4      | Reached skill level 5 in Spellcasting
  5349 | D:5      | Entered Level 5 of the Dungeon
  5418 | D:5      | HP: 2/48 [white imp/puff of frost (11)]
  5418 | D:5      | Killed from afar by a white imp

Illustrated notes

Levels and vault maps discovered:
D:1:      saegor_arrival_miasma, layout_basic, dreamdust_wishing_well,
          supply_closet_lemuel
D:2:      layout_basic, minivault_14
D:3:      layout_loops_cross, old_standard_altar
D:4:      layout_basic, mainiacjoe_overflow_tiny_flanked,
          nicolae_gozag_seed_capital, uniq_duvessa, uniq_grinder
D:5:      layout_loops_corners, grunt_temple_overflow_open, temple_hall,
          guppyfry_early_lair_pool

Skill      XL: |  1  2  3  4  5  6  7  8 |
---------------+-------------------------+-----
Shields        | 2 3 |  3.5
Fighting       | 2 3 4 |  4.2
Armour         | 2 |  2.8
Stealth        | 5 6 |  6.7
Spellcasting   | 4 5 |  5.0
Dodging        | 1 |  1.8

Action                     |  1- 3 |  4- 6 |  7- 9 || total
---------------------------+-------+-------+-------++-------
  Melee: Dagger            |    83 |   100 |   131 ||   314
  Evoke: Wand              |       |       |     5 ||     5
    Use: Scroll            |     6 |     1 |     1 ||     8
         Potion            |       |       |     6 ||     6
   Stab: Sleeping          |    15 |    19 |     8 ||    42
         Distracted        |       |     1 |     2 ||     3
         Invisible         |       |       |     3 ||     3
 Armour: Robe              |     7 |       |       ||     7
         Ring mail         |     6 |     3 |       ||     9
         Leather armour    |       |    14 |    36 ||    50
  Dodge: Dodged            |    34 |    43 |    68 ||   145
  Block: Buckler           |    30 |    26 |    58 ||   114
         Form:             |     1 |       |       ||     1
         Beast             |     1 |       |       ||     1

Table legend: (Time is in decaauts)
 A = Elapsed time spent in this place.
 B = Non-inter-level travel time spent in this place.
 C = Inter-level travel time spent in this place.
 D = Time resting spent in this place.
 E = Time spent auto-exploring this place.
 F = Levels seen in this place.
 G = Mean time per level.
                   A        B        C        D        E       F      G
               +--------+--------+--------+--------+--------+-----+--------+
         Total |   5450 |   5173 |    277 |    537 |   3737 |   5 | 1090.0 |
       Dungeon |   5450 |   5173 |    277 |    537 |   3737 |   5 | 1090.0 |
               +--------+--------+--------+--------+--------+-----+--------+

Top non-repeatable levels by time:
     D:4: 1989 daAuts
     D:2: 1399 daAuts
     D:1: 995 daAuts
     D:3: 993 daAuts
     D:5: 72 daAuts
